 Dungeon Crawl Stone Soup version 0.30-a0-883-g5ad918d77d (webtiles) character file.

Game seed: 6157869439392916804

133 Sanktem7 the Covered (level 4, -2/41 HPs)
             Began as a Minotaur Fighter on Mar 16, 2023.
             Killed by divine providence
             ... invoked by an orc priest
              (10 damage)
             ... on level 3 of the Dungeon.
             The game lasted 00:03:40 (2120 turns).

Sanktem7 the Covered (Minotaur Fighter)             Turns: 2120, Time: 00:03:41

Health: -2/41      AC:  7    Str: 22    XL:     4   Next: 94%
Magic:  3/3        EV:  9    Int:  5    God:
Gold:   179        SH:  4    Dex: 10    Spells: 3/3 levels left

rFire   . . .      SeeInvis .    a - +0 war axe
rCold   + . .      Faith    .    c - +0 buckler
rNeg    . . .      Spirit   .    b - +0 scale mail
rPois   .          Reflect  .    (helmet restricted)
rElec   .          Rampage  .    (no cloak)
rCorr   .                        (no gloves)
Will    .....                    (no boots) Stlth
                                 (no amulet)
HPRegen 0.26/turn                q - ring of protection from cold
MPRegen 0.08/turn                (no ring)

@: no status effects
A: horns 2, retaliatory headbutt
a: no special abilities


You were on level 3 of the Dungeon.
You visited 1 branch of the dungeon, and saw 3 of its levels.

You collected 179 gold pieces.

Inventory:

Hand Weapons
 a - a +0 war axe (weapon)
Missiles
 o - 3 boomerangs (quivered)
Armour
 b - a +0 scale mail (worn)
 c - a +0 buckler (worn)
Jewellery
 q - a ring of protection from cold (left hand)
 s - a ring of ice
Scrolls
 g - a scroll of amnesia {unknown}
 h - a scroll of noise {unknown}
 i - 2 scrolls of identify {unknown}
 j - 2 scrolls of vulnerability {unknown}
 n - a scroll of enchant weapon {unknown}
 t - a scroll of blinking {unknown}
 u - a scroll of fear {unknown}
Potions
 d - a potion of might
 e - a potion of heal wounds {unknown}
 f - 3 potions of degeneration {unknown}
 k - a potion of invisibility {unknown}
 l - 2 potions of magic {unknown}
 m - a potion of mutation {unknown}
 p - 2 potions of curing {unknown}
 r - a potion of brilliance {unknown}


   Skills:
 + Level 4.4 Fighting
 * Level 4.3 Axes
 + Level 4.5 Armour
 + Level 4.4 Shields


You had 3 spell levels left.
You didn't know any spells.
Your spell library was empty.

Dungeon Overview and Level Annotations

Branches:
Dungeon (3/15)

Altars:

Shops:
D:1 ?   D:2 (


Innate Abilities, Weirdness & Mutations

You have a pair of horns on your head.
You reflexively headbutt those who attack you in melee.


Message History

You are too injured to fight recklessly!
You are too injured to fight recklessly!
You are too injured to fight recklessly!
You are too injured to fight recklessly!
Unknown command.
An orc comes into view. It is wielding a +0 sling.
An orc comes into view. It is wielding a +0 falchion.
The orc priest miscasts a cantrip.
A kobold comes into view. It is wielding a +0 short sword.
You closely miss the orc priest. You closely miss the orc wizard.
The kobold shouts!
The orc priest hits you with a +0 war axe.
You hit the orc priest. You headbutt the orc priest.
The orc priest is heavily wounded.
You completely miss the orc. You barely miss the orc wizard.
The orc priest calls down the wrath of Beogh upon you.
You barely resist.
The orc unwields a +0 sling.
The orc wields a +0 whip.
The orc hits you but does no damage.
The orc wizard points at you and mumbles some strange words.
The puff of flame hits you.
You hit the orc priest.
The orc priest is almost dead.
You hit the orc. You miss the orc wizard. You barely miss the orc.
The orc priest mumbles some strange prayers to Beogh against you.
You barely resist. You block the orc wizard's attack.
The orc hits you with a +0 falchion. The orc hits you with a +0 whip.
The orc hits you with a +0 falchion.
* * * LOW HITPOINT WARNING * * *
The orc wizard misses you. You furiously retaliate!
You headbutt the orc wizard.
The orc priest looks braver for a moment.
You closely miss the orc priest. Your headbutt misses the orc priest.
The orc priest is almost dead.
You hit the orc.
You kill the orc!
You hit the orc wizard but do no damage.
You hit the orc.
The orc priest calls down the wrath of Beogh upon you.
Beogh smites you!
You die...

....#########...##.##
....# #.......# ....#
#..#....## . ..#.#
#..#.†#..#.. #.### .
#..#)......? #.#
...##..>#..##.. #.#
(..........# #.#
...###.....# # ).
#..o@...# ..
###oo).....# ...
...K.....## ..##
#.........(# ..
#...........
..........##
#..........#
#..........#


You could see an orc priest, an orc wizard, an orc and a kobold.

Vanquished Creatures
  2 orc wizards
  2 adders
  A worm (D:3)
  2 dart slugs
  4 orcs (D:3)
  7 ball pythons
  An endoplasm (D:2)
  5 giant cockroaches
  11 goblins
  3 hobgoblins
  4 jackals (D:1)
  A quokka (D:2)
  3 bats
  4 frilled lizards
  4 kobolds
  A rat (D:2)
55 creatures vanquished.

Notes
Turn   | Place    | Note
-------+----------+-------------------------------------------
     0 | D:1      | Sanktem7 the Minotaur Fighter began the quest for the Orb.
     0 | D:1      | Reached XP level 1. HP: 19/19 MP: 0/0
   239 | D:1      | Found a faded altar of an unknown god.
   359 | D:1      | Reached XP level 2. HP: 27/27 MP: 1/1
   387 | D:1      | Found Sutut's Magic Scroll Emporium.
   532 | D:1      | Reached XP level 3. HP: 33/33 MP: 2/2
   894 | D:2      | Identified the +0 leather armour of the Poles {rF+ rC+}
  1674 | D:2      | Found Mipaegux's Antique Weapon Boutique.
  1829 | D:3      | Reached XP level 4. HP: 37/40 MP: 3/3
  2120 | D:3      | Killed from afar by an orc priest

Illustrated notes

Levels and vault maps discovered:
D:1:      kilobyte_arrival_exit_the_forest, layout_basic,
          hellmonk_ecumenical_altar_heavens_door, serial_shops, shop
D:2:      layout_basic, serial_shops, shop
D:3:      layout_rooms, mainiacjoe_overflow_alcove_2, nzn_wu_jian_contemplation,
          nicolae_overflow_hidden_temple, gammafunk_temple_overflow_statue,
          uniq_grinder

Skill      XL: |  1  2  3  4 |
---------------+-------------+-----
Axes           | 3 4 |  4.3
Fighting       | 4 |  4.4
Armour         | 4 |  4.5
Shields        | 4 |  4.4

Action                     |  1- 3 |  4- 6 || total
---------------------------+-------+-------++-------
  Melee: War axe           |    81 |    32 ||   113
         Headbutt          |    11 |     3 ||    14
 Armour: Scale mail        |    45 |    19 ||    64
  Dodge: Dodged            |    47 |    15 ||    62
  Block: Buckler           |    18 |     7 ||    25

Table legend: (Time is in decaauts)
 A = Elapsed time spent in this place.
 B = Non-inter-level travel time spent in this place.
 C = Inter-level travel time spent in this place.
 D = Time resting spent in this place.
 E = Time spent auto-exploring this place.
 F = Levels seen in this place.
 G = Mean time per level.
                   A        B        C        D        E       F      G
               +--------+--------+--------+--------+--------+-----+--------+
         Total |   2168 |   1990 |    178 |    130 |   1483 |   3 |  722.7 |
       Dungeon |   2168 |   1990 |    178 |    130 |   1483 |   3 |  722.7 |
               +--------+--------+--------+--------+--------+-----+--------+

Top non-repeatable levels by time:
     D:2: 1209 daAuts
     D:1: 788 daAuts
     D:3: 170 daAuts
